[Event "Walton Rating Tournament 2023"]
[Site "Dhaka"]
[Date "2024.01.05"]
[Round "9.3"]
[White "Zia, Tahsin Tajwar"]
[Black "Mohammad Minhaz Uddin"]
[Result "1-0"]
[ECO "E48"]
[WhiteElo "2303"]
[BlackElo "2221"]
[Annotator "RC"]
[PlyCount "65"]
[EventDate "2023.12.30"]
[EventType "swiss"]
[EventCountry "BAN"]
[SourceTitle "playchess.com"]
[Source "ChessBase"]
[SourceQuality "1"]
[TimeControl "5400+30"]

1. d4 Nf6 2. c4 e6 3. Nc3 Bb4 4. e3 O-O 5. Bd3 d5 6. cxd5 exd5 7. a3 Bd6 8. Qc2 a6 9. Nge2 Re8 10. Bd2 Nbd7 11. f3 c5 12. g4 c4 13. Bf5 g6 14. g5 gxf5 15. gxf6 Nxf6 16. O-O-O b5 17. Ng3 Qd7 18. Rhg1 Kh8 19. e4 dxe4 20. fxe4 Bxg3 21. Rxg3 Nxe4 22. Nxe4 Rxe4 23. d5 f6 24. Bc3 Qf7 25. Rdg1 Bd7 26. Qd2 Rg4 27. Rxg4 fxg4 28. Rf1 Rf8 29. Qh6 Kg8 30. Rxf6 Qg7 31. Qxg7+ Kxg7 32. Rd6+ Kg8 33. Rxd7 1-0

[Event "Walton Rating Tournament 2023"]
[Site "Dhaka"]
[Date "2024.01.05"]
[Round "9.4"]
[White "Masum, Hossain"]
[Black "Subrota, Biswas"]
[Result "0-1"]
[ECO "A80"]
[WhiteElo "1987"]
[BlackElo "2223"]
[Annotator "RC"]
[PlyCount "70"]
[EventDate "2023.12.30"]
[EventType "swiss"]
[EventCountry "BAN"]
[SourceTitle "playchess.com"]
[Source "ChessBase"]
[SourceQuality "1"]
[TimeControl "5400+30"]

1. Nf3 f5 2. b3 d6 3. d4 g6 4. Bb2 Bg7 5. e3 Nf6 6. c4 O-O 7. d5 e5 8. dxe6 Bxe6 9. Ng5 Bc8 10. h4 h6 11. Nh3 Ne4 12. Bxg7 Kxg7 13. Nf4 Qf6 14. Qd4 Qxd4 15. exd4 Nc6 16. d5 Nb4 17. Bd3 Re8 18. Kf1 Nc5 19. Rh3 Ncxd3 20. Rxd3 Nc2 21. Rd1 Nxa1 22. Na3 Re4 23. g3 Nxb3 24. axb3 g5 25. hxg5 hxg5 26. Nh3 Kf6 27. Nb5 f4 28. Ng1 Bd7 29. Nc3 Re5 30. gxf4 gxf4 31. Rd4 Rg8 32. Rxf4+ Ke7 33. Rh4 Kd8 34. f4 Re3 35. Nd1 Rxb3 0-1

[Event "Walton Rating Tournament 2023"]
[Site "Dhaka"]
[Date "2024.01.05"]
[Round "9.6"]
[White "Mehdi Hasan Parag"]
[Black "Sujan"]
[Result "1-0"]
[ECO "B80"]
[WhiteElo "2171"]
[BlackElo "1952"]
[Annotator "RC"]
[PlyCount "45"]
[EventDate "2023.12.30"]
[EventType "swiss"]
[EventCountry "BAN"]
[SourceTitle "playchess.com"]
[Source "ChessBase"]
[SourceQuality "1"]
[TimeControl "5400+30"]

1. e4 c5 2. Nf3 d6 3. d4 cxd4 4. Nxd4 Nf6 5. Nc3 a6 6. Be3 Nc6 7. f3 e6 8. Qd2 Be7 9. g4 Nxd4 10. Qxd4 Nd7 11. Qxg7 Bh4+ 12. Kd2 Bf6 13. Qh6 d5 14. exd5 exd5 15. Re1 Ne5 16. Bf4 d4 17. Nd5 Qa5+ 18. b4 Qxd5 19. Qxf6 Be6 20. Qxh8+ Ke7 21. Qxe5 Qxf3 22. Qd6+ Ke8 23. Bd3 1-0